 Dungeon Crawl Stone Soup version 0.25-a0-657-ge95d391c20 (webtiles) character file.

Game seed: 9767864126514261465, levelgen mode: deterministic

901 Esekla the Stinger (level 8, 0/51 HPs)
             Began as an Octopode Venom Mage on Mar 23, 2020.
             Was a Follower of Lugonu.
             Slain by a sky beast (3 damage)
             ... on level 6 of the Dungeon.
             The game lasted 00:38:55 (6070 turns).

Esekla the Stinger (Octopode Venom Mage)            Turns: 6070, Time: 00:38:55

Health: 0/51       AC:  1    Str:  8    XL:     8   Next: 7%
Magic:  19/22      EV: 14    Int: 18    God:    Lugonu [*.....]
Gold:   277        SH:  4    Dex: 13    Spells: 8/14 levels left

rFire    . . .     SeeInvis .   n - +0 long sword
rCold    . . .     Gourm    .   (no shield)
rNeg     + . .     Faith    .   (helmet restricted)
rPois    .         Spirit   .   o - +4 amulet of reflection
rElec    .         Reflect  +   m - ring of magical power
rCorr    .         Harm     .   w - ring of positive energy
MR       .....                  (no ring)
Stlth    +++.......             (no ring)
HPRegen  0.17/turn              (no ring)
MPRegen  0.18/turn              (no ring)
                                (no ring)
                                (no ring)

@: no status effects
A: almost no armour, stealthy swim, amphibious, 8 rings, constrict 8, camouflage
1, gelatinous body 1
a: Depart the Abyss, Renounce Religion


You were on level 6 of the Dungeon.
You worshipped Lugonu.
Lugonu was aware of your devotion.
You were not hungry.

You visited 2 branches of the dungeon, and saw 7 of its levels.

You collected 277 gold pieces.

Inventory:

Hand Weapons
 c - a +0 short sword
 n - a +0 long sword (weapon)
 v - the cursed +1 hand axe "Qesu Ohy" {vamp, Str+5, unknown}
   (You found it on level 5 of the Dungeon)

   It inflicts no extra harm, but heals its wielder when it wounds a living foe.
   It affects your strength (+5).
   It has a curse placed upon it.
Missiles
 a - 25 poisoned darts (quivered)
Armour
 e - a +0 robe of resistance
Jewellery
 m - a ring of magical power (left tentacle)
 o - a +4 amulet of reflection (around mantle)
 w - a ring of positive energy (right tentacle)
Wands
 r - a wand of digging (3)
 y - a wand of iceblast (8)
Scrolls
 i - 2 scrolls of blinking
 p - 4 scrolls of remove curse
 t - 3 scrolls of teleportation
 u - a scroll of identify
Potions
 d - 3 potions of heal wounds {unknown}
 f - 2 potions of ambrosia {unknown}
 g - a potion of magic {unknown}
 h - a potion of brilliance {unknown}
 j - 2 potions of resistance
 k - 2 potions of berserk rage {unknown}
 l - a potion of might {unknown}
 q - 2 potions of lignification
 s - 3 potions of curing
 x - a potion of haste {unknown}
Comestibles
 b - 8 rations


   Skills:
 * Level 2.8 Fighting
 + Level 0.4(1.7) Short Blades
 + Level 2.7 Long Blades
 * Level 3.2 Dodging
 - Level 4.0 Stealth
 * Level 3.6 Spellcasting
 * Level 2.4 Conjurations
 - Level 1.0 Transmutations
 * Level 4.0 Air Magic
 + Level 5.2 Poison Magic


You had 8 spell levels left.
You knew the following spells:

 Your Spells              Type           Power        Failure   Level  Hunger
a - Sting                 Tmut/Pois      ##..         4%          1    None
c - Mephitic Cloud        Conj/Pois/Air  ###.....     10%         3    ###....
v - Poisonous Vapours     Pois/Air       ###...       3%          2    ##.....

Your spell library contained the following spells:

 Spells                   Type           Power        Failure   Level  Hunger
 Olgreb's Toxic Radiance  Pois           ###.....     19%         4    ####...
 Ignite Poison            Fire/Tmut/Pois ##......     21%         3    ###....


Dungeon Overview and Level Annotations

Branches:
Dungeon (6/15)             Temple (1/1) D:4

Altars:
Ashenzari
Cheibriados
Elyvilon
Fedhas
Gozag
Hepliaklqana
Kikubaaqudgha
Okawaru
Qazlal
Ru
Trog
Uskayaw
Vehumet
Wu Jian
Yredelemnul
Zin
The Shining One
Lugonu

Annotations:
D:3 Grinder


Innate Abilities, Weirdness & Mutations

You cannot wear most types of armour.
You are very stealthy in the water. (Stealth+)
You are amphibious.
You can wear up to eight rings at the same time.
You can use your tentacles to constrict eight enemies at once.
Your skin changes colour to match your surroundings (Stealth+).
Your rubbery body absorbs attacks. (AC +1, EV +1)


Message History

Aim: a sky beast (moderately wounded) That beam is likely to hit you.
Continue anyway?
The ball explodes into a vile cloud!
The stinking cloud engulfs the sky beast but does no damage.
The sky beast is moderately wounded.
The stinking cloud engulfs you but does no damage.
You are engulfed in noxious fumes.
You choke on the stench!
You are confused.
The sky beast is engulfed in noxious fumes.
The sky beast hits you.
* * * LOW HITPOINT WARNING * * *
The sky beast shocks you.
* * * LOW HITPOINT WARNING * * *
You feel less confused.
The sky beast is engulfed in noxious fumes.
The sky beast appears confused.
The sky beast flickers out of sight!
Deactivating autopickup; reactivate with Ctrl-A.
Something hits you.
You die...

#.# #..#######.#
#.#####..##.......
#.................
#..####..##.####.#
#........##.#
#..####.###.# #..#
#.###.####.# #<.#
#..........#
#@.########.######
###.°{........#
#...{○######.##
#######..○°○########
.|...............#
#######...[.######
#...†.# ###..##
###...######


There were no monsters in sight!

Vanquished Creatures
  A sky beast (D:5)
  2 ogres
  A bullfrog (D:6)
  A scorpion (D:5)
  A crimson imp (D:5)
  5 hounds
  A quasit (D:6)
  2 orc wizards (D:4)
  Terence (D:3)
  An iguana (D:4)
  A hound skeleton (D:4)
  8 adders
  2 oozes
  3 adder zombies
  2 worms
  2 dart slugs (D:1)
  4 leopard geckos
  9 orcs
  5 giant cockroaches
  4 goblins
  9 hobgoblins
  5 jackals (D:2)
  7 quokkas
  2 ball pythons
  6 bats
  2 frilled lizards
  5 kobolds
  A quokka zombie (D:5)
  10 rats
103 creatures vanquished.

Notes
Turn   | Place    | Note
-------+----------+-------------------------------------------
     0 | D:1      | Esekla the Octopode Venom Mage began the quest for the Orb.
     0 | D:1      | Reached XP level 1. HP: 11/11 MP: 3/3
   278 | D:1      | Reached skill level 4 in Poison Magic
   278 | D:1      | Reached XP level 2. HP: 18/18 MP: 5/5
   282 | D:1      | Learned a level 2 spell: Poisonous Vapours
   536 | D:1      | Reached skill level 1 in Fighting
   627 | D:1      | Reached XP level 3. HP: 13/23 MP: 4/6
  1059 | D:2      | Learned a level 3 spell: Mephitic Cloud
  1391 | D:3      | Noticed a phantom
  1394 | D:3      | Noticed Grinder
  1461 | D:2      | You fall into a shaft and drop 2 floors!
  1462 | D:4      | Noticed an ogre
  1473 | D:4      | Killed an ogre
  1473 | D:4      | Reached XP level 4. HP: 28/28 MP: 1/7
  1473 | D:4      | Reached XP level 5. HP: 33/33 MP: 1/8
  1649 | D:4      | Reached skill level 1 in Conjurations
  1889 | D:3      | Reached XP level 6. HP: 36/38 MP: 10/10
  1960 | D:3      | Found an opulent altar of Gozag.
  2192 | D:3      | Found a blossoming altar of Fedhas.
  2542 | D:2      | Found an iron altar of Okawaru.
  2800 | D:3      | Found a hazy altar of Hepliaklqana.
  2958 | D:3      | Noticed Terence
  2975 | D:3      | Killed Terence
  3401 | D:4      | Found a staircase to the Ecumenical Temple.
  3438 | D:4      | Reached skill level 1 in Long Blades
  3488 | Temple   | Entered the Ecumenical Temple
  3503 | Temple   | Became a worshipper of Lugonu the Unformed
  3503 | Temple   | Reached * piety under Lugonu
  3548 | D:4      | Reached XP level 7. HP: 31/45 MP: 11/11
  3611 | D:4      | Noticed a moth of wrath
  3614 | D:4      | Found a bloodstained altar of Trog.
  4160 | D:5      | Entered Level 5 of the Dungeon
  4239 | D:5      | Got a slimy hand axe
  4649 | D:5      | Found an iron altar of Okawaru.
  5330 | D:5      | Found a sacrificial altar of Ru.
  5925 | D:5      | Reached XP level 8. HP: 47/51 MP: 13/13
  5950 | D:6      | Found a white marble altar of Elyvilon.
  5957 | D:6      | Found a hide-covered altar of Uskayaw.
  5962 | D:6      | Found an ornate altar of the Wu Jian Council.
  6052 | D:6      | Reached skill level 5 in Poison Magic
  6070 | D:6      | Slain by a sky beast

Levels and vault maps discovered:
D:1:      erik_arrival_cave_to_civilisation [erik_arrival_cave_to_hall],
          layout_loops_ring
D:2:      layout_rooms, okawaru_ov_weapons_minmay
D:3:      layout_loops_cross, lemuel_doored_altar, grunt_gozag_statues,
          fedhas_altar_1, uniq_grinder, uniq_terence, uniq_crazy_yiuf_cottage
D:4:      layout_cave_pools, tgw_trog, minmay_temple_entry_slanted
D:5:      layout_loops_ring, nicolae_ru_path_of_blood, first_ration,
          basic_altar, dk_rats_in_the_wall
D:6:      layout_loops_ring, tgw_xom, grunt_temple_overflow_open,
          uniq_prince_ribbit1
Temple:   corrupted_temple

Skill      XL: |  1  2  3  4  5  6  7  8 |
---------------+-------------------------+-----
Stealth        | 3 4 |  4.0
Poison Magic   | 4 5 |  5.2
Fighting       | 1 2 |  2.8
Air Magic      | 2 3 4 |  4.0
Conjurations   | 1 2 |  2.4
Spellcasting   | 3 |  3.6
Long Blades    | 1 2 |  2.7
Dodging        | 3 |  3.2
Short Blades   | |  0.4
Transmutations | |  1.0

Action                   |  1- 3 |  4- 6 |  7- 9 || total
-------------------------+-------+-------+-------++-------
Melee: Short sword       |    17 |       |     2 ||    19
       Constrict         |     9 |    24 |    15 ||    48
       Tentacles         |     7 |    28 |    13 ||    48
       Dagger            |    18 |       |       ||    18
       Long sword        |     1 |    93 |    71 ||   165
Throw: Dart              |     4 |     2 |       ||     6
 Cast: Poisonous Vapours |    21 |    31 |    12 ||    64
       Sting             |     1 |       |       ||     1
       Mephitic Cloud    |     1 |     1 |     1 ||     3
  Use: Scroll            |     6 |       |     5 ||    11
 Stab: Sleeping          |     8 |     9 |     6 ||    23
       Distracted        |       |     1 |       ||     1
       Confused          |       |     1 |       ||     1
  Eat: Chunk             |     3 |     9 |     2 ||    14
       Ration            |       |       |     2 ||     2
Armor: Skin              |     4 |     5 |     4 ||    13
Dodge: Dodged            |    22 |    57 |    56 ||   135
Block: Other             |       |    15 |    19 ||    34
       Rpst.: Long sword |       |    17 |    21 ||    38

Table legend:
 A = Non-vault XP
 B = Vault XP
 C = Vault XP percentage of total XP
 D = Non-vault monster count
 E = Vault monster count
 F = Vault count percentage of total count
                 A         B        C        D         E       F
            +---------+---------+-------+---------+---------+-------
      Total |    1241 |      47 |   3.6 |      95 |       8 |   7.8
            +---------+---------+-------+---------+---------+-------
        D:1 |      35 |       2 |   5.4 |      15 |       2 |  11.8
        D:2 |      55 |       0 |   0.0 |      21 |       0 |   0.0
        D:3 |     110 |      36 |  24.7 |      24 |       1 |   4.0
        D:4 |     463 |       9 |   1.9 |      19 |       5 |  20.8
        D:5 |     274 |       0 |   0.0 |       9 |       0 |   0.0
        D:6 |     304 |       0 |   0.0 |       7 |       0 |   0.0
            +---------+---------+-------+---------+---------+-------
